AoeStats
← 根本赢不了

Migration

510163223Analyzed
1v1 RM · 2d ago on Sep 29, 2026· 68m 14s· 2 players
Game mode
Random Map
Map size
132×132
Population
200
Speed
Normal
Resources
Standard
Victory
Conquest
Starting age
Dark Age
Ending age
Imperial Age
RankedLock teamsTeams togetherTeam positionsShared explorationLock speedFull tech treeHidden civsTurbo modeCheats
Victory
Defeat
🇨🇳 Wu · China
1189
+44
🇨🇭 Berbers · Switzerland
1219
-17
根本赢不了
12:34 Feudal Age
14:11 Loom
17:14 Castle Age
16:43 Gold Mining
16:39 Double-Bit Axe
18:53 Gold Shaft Mining
18:30 Bow Saw
21:20 Imperial Age
18:50 Fishing Lines
19:25 Gillnets
20:28 Medium Warships
23:40 Heavy Warships
26:52 Fletching
27:02 Padded Archer Armor
27:40 Bodkin Arrow
30:18 Wheelbarrow
30:44 Two-Man Saw
30:19 Ballistics
30:59 Chemistry
30:00 Bracer
33:59 Conscription
33:39 Sitting Tiger
37:21 Guilds
37:39 Murder Holes
38:31 Leather Archer Armor
44:04 Arson
44:19 Squires
45:19 Pikeman
45:54 Halberdier
46:22 Horse Collar
46:43 Scale Mail Armor
52:40 Chain Mail Armor
52:35 Forging
56:18 Hand Cart
55:48 Town Watch
57:03 Elite Fire Archer
59:23 Heavy Plow
61:12 Treadmill Crane
61:42 Masonry
63:27 Architecture
63:04 Siphons
63:12 Clinker Construction
65:31 Town Patrol
66:45 Guard Tower
SirTimotheus
10:29 Loom
12:34 Feudal Age
16:35 Castle Age
14:42 Fishing Lines
15:11 Double-Bit Axe
15:10 Horse Collar
18:20 Medium Warships
18:39 Forging
18:45 Gold Mining
22:35 Careening
24:42 Iron Casting
24:30 Siphons
26:46 Clinker Construction
27:23 Bloodlines
27:14 Husbandry
28:02 Bow Saw
31:59 Imperial Age
29:49 Bloodlines
29:40 Husbandry
31:09 Scale Barding Armor
32:11 Chain Barding Armor
33:18 Heavy Warships
35:46 Ballistics
35:48 Dry Dock
36:29 Chemistry
50:09 Scale Mail Armor
49:35 Man-at-Arms
50:15 Squires
50:01 Arson
49:48 Light Cavalry
51:36 Hussar
56:10 Heavy Plow
56:49 Plate Barding Armor
57:24 Blast Furnace
57:22 Fletching
Connection lost

Rejoining the realm…

Still unreachable

The connection could not be restored.

Session expired

The server has moved on; the page needs a fresh start.